 Dungeon Crawl Stone Soup version 0.19.4-8-ga85b6b9 (webtiles) character file.

3663 sveltemanboy the Transmogrifier (level 10, -7/52 HPs)
             Began as a Vine Stalker Transmuter on Feb 15, 2017.
             Was a Follower of Ashenzari.
             Mangled by a killer bee (8 damage)
             ... on level 8 of the Dungeon.
             The game lasted 00:23:10 (8008 turns).

sveltemanboy the Transmogrifier (VSTm)              Turns: 8008, Time: 00:23:11

Health: -7/52      AC:  6    Str: 13    XL:     10   Next: 12%
Magic:  0/15       EV: 10    Int: 16    God:    Ashenzari [*.....]
Gold:   516        SH:  0    Dex: 15    Spells: 5 memorised, 0 levels left

rFire  . . .     SeeInvis .       - Unarmed
rCold  + + +     Gourm    .     (armour currently unavailable)
rNeg   . . .     Faith    .     (shield currently unavailable)
rPois  +         Spirit   +     (helmet currently unavailable)
rElec  +         Reflect  .     (cloak currently unavailable)
rCorr  +         Harm     .     (gloves currently unavailable)
MR     +....                    (boots currently unavailable)
Stlth  +.........               (no amulet)
                                (no ring)
                                (no ring)

@: lethally poisoned (-7 -> -7), ice-form, resistant
A: (fangs 0), regeneration 1, magic shield, (antimagic bite), no device heal 3,
rot immunity
a: End Transformation, Curse Item, Scrying, Renounce Religion


You were on level 8 of the Dungeon.
You worshipped Ashenzari.
Ashenzari was aware of your devotion.
You were hungry.
You were a creature of crystalline ice.
You visited 1 branch of the dungeon, and saw 8 of its levels.

You collected 516 gold pieces.

Inventory:

Missiles
 a - 136 arrows
Armour
 i - a cursed +2 helmet (melded)
 l - a +0 buckler
 B - a +0 ring mail of fire resistance
 C - a cursed +2 pair of gloves (melded)
 D - a +0 robe of magic resistance (melded)
Wands
 u - a wand of flame (32/48)
 A - a wand of heal wounds (2/9)
Scrolls
 f - 3 scrolls of recharging
 j - 5 scrolls of teleportation
 t - a scroll of magic mapping
 w - 2 scrolls of remove curse
 y - a scroll of enchant armour
 E - a scroll of identify
Potions
 e - 3 potions of heal wounds {unknown}
 g - 3 potions of curing {unknown}
 m - 3 potions of degeneration {unknown}
 n - 4 potions of agility {unknown}
 o - 3 potions of might
 p - a potion of lignification {unknown}
 q - a potion of magic
 r - 2 potions of cure mutation {unknown}
Books
 c - a book of Changes

   Spells                             Type                      Level
   a - Beastly Appendage              Transmutation                1
   b - Sticks to Snakes               Transmutation                2
   c - Spider Form                    Transmutation/Poison         3
   d - Ice Form                       Ice/Transmutation            4
   e - Blade Hands                    Transmutation                5
 v - Jessica's Tome of the Oath
   (You found it on level 3 of the Dungeon)

   Spells                             Type                      Level
   a - Ensorcelled Hibernation        Hexes/Ice                    2
 x - a book of Maledictions

   Spells                             Type                      Level
   a - Corona                         Hexes                        1
   b - Ensorcelled Hibernation        Hexes/Ice                    2
   c - Confuse                        Hexes                        3
   d - Tukima's Dance                 Hexes                        3
   e - Dazzling Spray                 Conjuration/Hexes            3
Comestibles
 b - 2 chunks of flesh
 d - 11 bread rations
 h - 7 meat rations
 s - 2 royal jellies


   Skills:
 - Level 0.8 Fighting
 - Level 1.5 Dodging
 + Level 2.9 Shields
 + Level 8.2 Unarmed Combat
 - Level 3.2 Spellcasting
 - Level 11.0 Transmutations
 - Level 2.0 Ice Magic
 - Level 1.0 Poison Magic


You couldn't memorise any spells.
You knew the following spells:

 Your Spells              Type           Power        Failure   Level  Hunger
a - Beastly Appendage     Tmut           #####.       1%          1    None
b - Sticks to Snakes      Tmut           #####...     1%          2    ##.....
c - Spider Form           Tmut/Pois      ###.......   6%          3    ###....
d - Ice Form              Ice/Tmut       ###.....     14%         4    ####...
e - Blade Hands           Tmut           #####.....   8%          5    ######.


Dungeon Overview and Level Annotations

Branches:
Dungeon (8/15)             Temple (0/1) D:7
   Lair: D:8-11

Altars:
Ashenzari
Elyvilon
Gozag
Makhleb
Okawaru
Zin
The Shining One


Innate Abilities, Weirdness & Mutations

((You have razor-sharp teeth.))
Your natural rate of healing is unusually fast.
When hurt, damage is shared between your health and your magic reserves.
((Your bite disrupts and absorbs the magic of your enemies.))
Potions and wands cannot restore your health.
You are immune to rotting.


Message History

The killer bee stings you.
* * * LOW HITPOINT WARNING * * *
The killer bee stings you!
* * * LOW HITPOINT WARNING * * *
You feel sick.
The killer bee stings you but does no damage.
The killer bee stings you.
* * * LOW HITPOINT WARNING * * *
The killer bee stings you.
* * * LOW HITPOINT WARNING * * *
The killer bee closely misses you. x2
You feel sick. The killer bee stings you.
* * * LOW HITPOINT WARNING * * *
The killer bee barely misses you. The killer bee stings you.
* * * LOW HITPOINT WARNING * * *
The killer bee closely misses you. The killer bee closely misses you.
You feel sick. The killer bee stings you!
You die...

.....>..####..##........
........# #..##.....##.
.......h# #..#.##+##...
..##.##.####..####.####.
. #..lyy...............
####.###.............
#y# #..)#.#####... #y#
#...#.....#.#. #Y#
#...#.....#.#. #.#
#...###.....#. #.#
#........##### #.#
#....##..#
#.###.....#..#####
#.#.......#.......
#.##.#.#..#.######
#....#.#..#.######
#####.####.......


You could see a black bear, a wyvern and 4 killer bees.

Vanquished Creatures
  2 hippogriffs (D:7)
  A spriggan (D:7)
  Sigmund (D:4)
  Eustachio (D:4)
  The ghost of North the Sneak, an amateur SpEn (D:4)
  2 phantoms
  An orc warrior (D:7)
  An ice beast (D:6)
  An ogre (D:7)
  A necrophage (D:8)
  5 centaurs
  2 bullfrogs
  2 killer bees (D:8)
  A water moccasin skeleton (D:5)
  4 wights (D:7)
  A howler monkey (D:4)
  5 crimson imps
  2 quasits
  2 bullfrog zombies (D:7)
  3 orc priests
  2 centaur zombies
  4 hounds
  2 jellies
  A centaur skeleton (D:6)
  An iguana (D:4)
  An iron imp (D:8)
  Jessica (D:3)
  7 orc wizards
  4 worker ants
  2 hound zombies
  2 hound skeletons
  2 worker ant zombies
  5 gnolls
  A howler monkey skeleton (D:3)
  4 adders
  2 shadow imps (D:6)
  3 oozes
  An adder zombie (D:8)
  An adder skeleton (D:4)
  3 worms
  A dart slug (D:3)
  3 leopard geckos
  20 orcs
  4 giant cockroaches
  5 goblins
  5 hobgoblins
  8 jackals
  10 kobolds
  4 quokkas
  4 ball pythons
  9 bats
  4 frilled lizards
  2 goblin zombies (D:8)
  A hobgoblin zombie (D:8)
  A kobold skeleton (D:8)
  3 kobold zombies (D:8)
  An orc skeleton (D:8)
  An orc zombie (D:8)
  6 rats
180 creatures vanquished.

Vanquished Creatures (collateral kills)
  A bullfrog skeleton (D:5)
  A shadow imp (D:6)
  2 worms (D:2)
  An orc (D:5)
  A goblin (D:2)
6 creatures vanquished.

Grand Total: 186 creatures vanquished

Notes
Turn   | Place    | Note
-------+----------+-------------------------------------------
     0 | D:1      | sveltemanboy the Vine Stalker Transmuter began the quest for the Orb.
     0 | D:1      | Reached XP level 1. HP: 9/9 MP: 4/4
   173 | D:1      | Reached XP level 2. HP: 12/14 MP: 4/6
   196 | D:1      | Learned a level 2 spell: Sticks to Snakes
   429 | D:1      | Reached skill level 3 in Transmutations
   739 | D:1      | Reached XP level 3. HP: 17/17 MP: 7/7
  1963 | D:2      | Found an opulent altar of Gozag.
  2431 | D:2      | Gained mutation: Your natural rate of healing is unusually fast. [Vine Stalker growth]
  2431 | D:2      | Reached XP level 4. HP: 15/21 MP: 4/8
  2529 | D:2      | Reached skill level 4 in Transmutations
  2811 | D:2      | Learned a level 3 spell: Spider Form
  2966 | D:3      | Found a faded altar of an unknown god.
  3060 | D:3      | Reached XP level 5. HP: 25/25 MP: 9/9
  3307 | D:3      | Found a shattered altar of Ashenzari.
  3319 | D:3      | Became a worshipper of Ashenzari the Shackled
  3486 | D:3      | Noticed Jessica
  3509 | D:3      | Killed Jessica
  3509 | D:3      | Reached skill level 1 in Poison Magic
  3517 | D:3      | Identified Jessica's Tome of the Oath
  3922 | D:4      | Noticed North's ghost (amateur SpEn)
  3947 | D:4      | Killed North's ghost
  3947 | D:4      | Reached skill level 5 in Transmutations
  3947 | D:4      | Reached XP level 6. HP: 20/29 MP: 6/10
  4035 | D:4      | Noticed Eustachio
  4063 | D:4      | Killed Eustachio
  4063 | D:4      | Reached skill level 6 in Transmutations
  4063 | D:4      | Reached XP level 7. HP: 23/32 MP: 6/11
  4133 | D:4      | Noticed Sigmund
  4154 | D:4      | Killed Sigmund
  4154 | D:4      | Reached skill level 5 in Unarmed Combat
  4154 | D:4      | Reached skill level 7 in Transmutations
  4444 | D:4      | Gained mutation: You have razor-sharp teeth. [Vine Stalker growth]
  4444 | D:4      | Reached XP level 8. HP: 12/37 MP: 12/12
  4659 | D:5      | Entered Level 5 of the Dungeon
  5047 | D:5      | Reached skill level 8 in Transmutations
  5355 | D:5      | Learned a level 4 spell: Ice Form
  5356 | D:5      | Reached * piety under Ashenzari
  5826 | D:6      | Reached skill level 1 in Ice Magic
  5945 | D:6      | Reached skill level 9 in Transmutations
  6076 | D:6      | Found an iron altar of Okawaru.
  6143 | D:6      | Reached XP level 9. HP: 31/40 MP: 5/13
  6297 | D:6      | Found a white marble altar of Elyvilon.
  7021 | D:7      | Found a burning altar of Makhleb.
  7200 | D:7      | Found a staircase to the Ecumenical Temple.
  7251 | D:7      | Reached skill level 1 in Shields
  7251 | D:7      | Reached skill level 10 in Transmutations
  7642 | D:7      | Found a glowing silver altar of Zin.
  7642 | D:7      | Noticed an angel
  7642 | D:7      | Noticed a green death
  7767 | D:8      | Found a glowing golden altar of the Shining One.
  7790 | D:8      | Reached XP level 10. HP: 44/44 MP: 11/15
  7825 | D:8      | Learned a level 5 spell: Blade Hands
  7972 | D:8      | Reached skill level 11 in Transmutations
  8005 | D:8      | HP: 1/52 [killer bee (3)]
  8008 | D:8      | Mangled by a killer bee

Skill      XL: |  1  2  3  4  5  6  7  8  9 10 |
---------------+-------------------------------+-----
Transmutations | 3 4 5 6 7 9 10 11 | 11.0
Unarmed Combat | 4 5 6 8 |  8.2
Poison Magic   | 1 |  1.0
Ice Magic      | 2 |  2.0
Spellcasting   | 3 |  3.2
Shields        | 2 |  2.9
Fighting       | |  0.8
Dodging        | |  1.5

Action                   |  1- 3 |  4- 6 |  7- 9 | 10-12 || total
-------------------------+-------+-------+-------+-------++-------
Melee: Unarmed           |    96 |   180 |   413 |    35 ||   724
       Bite              |    29 |    44 |    61 |     2 ||   136
       Kick              |     5 |    26 |    26 |       ||    57
       Punch             |     2 |     2 |    11 |       ||    15
 Cast: Beastly Appendage |     9 |     9 |    11 |       ||    29
       Sticks to Snakes  |     6 |     8 |     8 |       ||    22
       Spider Form       |       |     3 |    14 |     1 ||    18
       Ice Form          |       |       |     2 |     1 ||     3
       Blade Hands       |       |       |       |     1 ||     1
Invok: Curse Item        |       |       |     2 |       ||     2
Evoke: Wand              |       |       |     4 |       ||     4
  Use: Scroll            |       |       |    13 |     1 ||    14
       Potion            |       |       |       |     1 ||     1
 Stab: Sleeping          |     2 |     1 |     2 |       ||     5
       Distracted        |     1 |       |     2 |       ||     3
  Eat: Chunk             |     5 |     7 |    15 |     1 ||    28
Armor: Robe              |    13 |    38 |    35 |     4 ||    90
       Skin              |       |     9 |    14 |     7 ||    30
Dodge: Dodged            |    43 |   140 |   240 |    37 ||   460
